 Dungeon Crawl Stone Soup version 0.31-a0-854-g362426d53f (webtiles) character file.

Game seed: 1672308842926568938

435 Kurtz the Chopper (level 7, -2/55 (62) HPs)
             Began as a Naga Delver on Oct 8, 2023.
             Slain by a wight
             ... wielding a +0 great sword
              (5 damage)
             ... on level 6 of the Dungeon.
             The game lasted 00:04:28 (3821 turns).

Kurtz the Chopper (Naga Delver)                     Turns: 3821, Time: 00:04:29

HP:   -2/55 (62)    AC: 13    Str: 19    XL:     7   Next: 0%
MP:   7/7           EV:  1    Int: 10    God:
Gold: 232           SH:  0    Dex: 18    Spells: 6/6 levels left

rFire   . . .        k - +0 war axe
rCold   . . .        (no shield)
rNeg    . . .        D - +0 plate armour
rPois   +            (no helmet)
rElec   .            y - +0 cloak of a bazaar {rPois Will+ Str+4 Dex+4}
rCorr   .            q - +0 pair of gloves
SInv    +            G - +0 barding
Will    ++...        (no amulet) Stlth
                     i - ring of willpower
HPRegen 0.29/turn    (no ring)
MPRegen 0.10/turn

%: no passive effects
@: hasted, heavily drained, quick
A: AC +2, large, see invisible, deformed body, poison resistance, slowness 2,
spit poison 1, naga tail 1
a: Spit Poison


You were on level 6 of the Dungeon.
You visited 1 branch of the dungeon, and saw 6 of its levels.

You collected 412 gold pieces.
You spent 180 gold pieces at shops.

Inventory:

Hand Weapons
 a - a +0 hand axe
 k - a +0 war axe (weapon)
Missiles
 h - 3 javelins
 v - 7 boomerangs
Armour
 q - a +0 pair of gloves (worn)
 y - the +0 cloak of a bazaar (worn) {rPois Will+ Str+4 Dex+4}
   (You bought it in a shop on level 1 of the Dungeon)

   Str+4:     It affects your strength (+4).
   Dex+4:     It affects your dexterity (+4).
   rPois:     It protects you from poison Will+: It increases your willpower.
 D - a +0 plate armour (worn)
 G - a +0 barding (worn)
Jewellery
 i - a ring of willpower (left hand)
 w - a ring of fire
 F - a ring of wizardry
Wands
 g - a wand of digging (3)
 A - a wand of roots (9)
Scrolls
 c - a scroll of fog
 d - a scroll of revelation
 e - 2 scrolls of fear
 m - a scroll of teleportation {unknown}
 n - a scroll of vulnerability {unknown}
 o - 3 scrolls of amnesia
 s - a scroll of poison {unknown}
 u - 2 scrolls of identify {unknown}
 x - a scroll of enchant armour {unknown}
 z - a scroll of enchant weapon {unknown}
Potions
 b - a potion of lignification {unknown}
 f - a potion of haste
 j - 6 potions of attraction {unknown}
 l - a potion of mutation {unknown}
 p - 2 potions of curing {unknown}
 r - a potion of resistance {unknown}
 t - 2 potions of invisibility {unknown}
 B - 2 potions of degeneration {unknown}
 C - a potion of enlightenment {unknown}


   Skills:
 - Level 3.0 Fighting
 * Level 7.3 Axes
 - Level 1.5 Dodging
 - Level 7.2 Stealth


You had 6 spell levels left.
You didn't know any spells.
Your spell library was empty.

Dungeon Overview and Level Annotations

Branches:
Dungeon (6/15)             Temple (0/1) D:6

Altars:
Fedhas
Qazlal
Ru
Xom

Shops:
D:1 [


Innate Abilities, Weirdness & Mutations

Your serpentine skin is tough. (AC +2)
You have supernaturally acute eyesight. (SInv)
Armour fits poorly on your strangely shaped body.
Your system is resistant to poisons. (rPois)
You cover ground very slowly.
You can spit poison.
You have a snake-like lower body.


Message History

3 wights come into view.
A wight is wielding a +2 hand axe of freezing.
Found a cloak.
Found a staircase to the Ecumenical Temple.
The wight hits you with a +0 great sword.
You feel drained.
The wight hits you with a +0 great sword.
Unknown command.
The wight hits you with a +0 great sword.
You feel drained.
The wight hits you from afar with a +5 halberd.
You feel drained.
The wight hits you from afar with a +5 halberd.
You feel drained.
The wight hits you with a +2 hand axe of freezing!
You feel drained. The wight freezes you.
The wight hits you from afar with a +5 halberd!
There is an open door here.
The wight attacks as it pursues you!
The wight hits you with a +2 hand axe of freezing.
* * * LOW HITPOINT WARNING * * *
The wight freezes you.
* * * LOW HITPOINT WARNING * * *
As you read the scroll labelled PONNAAP TITEUSUAS, it crumbles to dust.
It is a scroll of amnesia.
You feel forgetful for a moment. The wight hits you but does no damage.
You feel yourself speed up.
The wight hits you with a +2 hand axe of freezing.
* * * LOW HITPOINT WARNING * * *
The wight freezes you.
* * * LOW HITPOINT WARNING * * *
The wight attacks as it pursues you!
The wight hits you from afar with a +5 halberd!
* * * LOW HITPOINT WARNING * * *
The wight attacks as it pursues you! The wight hits you but does no damage.
The wight attacks as it pursues you! The wight hits you but does no damage.
The wight attacks as it pursues you! The wight hits you but does no damage.
The wight attacks as it pursues you!
The wight hits you with a +0 great sword.
You die...

#..............#######
###...).#'#####..#...#
#...z.#...#........#
#.....#...#........#
#.....#...#........#
+.....#z..#........#
#....[#z###..###...#
.....##.###..###...#
#..z@...#.....#
#.......#.....#
######..##....#
#+###....# #........#
+........# #...)....#
#........# #..##.<..#


You could see a wight.

Vanquished Creatures
  An ogre (D:5)
  A bullfrog (D:5)
  A sleepcap (D:5)
  2 hounds
  2 orc wizards (D:5)
  8 adders
  A worm (D:5)
  3 dart slugs (D:3)
  5 orcs
  4 bats
  4 endoplasms
  2 giant cockroaches (D:1)
  7 goblins
  13 hobgoblins
  A kobold (D:1)
  3 quokkas
  6 ball pythons
  3 frilled lizards
  3 rats (D:3)
70 creatures vanquished.

Notes
Turn   | Place    | Note
-------+----------+-------------------------------------------
     0 | D:5      | Kurtz the Naga Delver began the quest for the Orb.
     0 | D:5      | Reached XP level 1. HP: 21/21 MP: 1/1
    84 | D:3      | Reached XP level 2. HP: 19/28 MP: 2/2
   226 | D:4      | Identified the +0 ring mail "Hodeli" {-Cast Str+6}
   637 | D:1      | Reached XP level 3. HP: 33/34 MP: 3/3
  1003 | D:1      | Found Limu's Antique Armour Shoppe.
  1222 | D:2      | Found a stormy altar of Qazlal.
  1320 | D:2      | Reached XP level 4. HP: 38/42 MP: 4/4
  1910 | D:3      | Found a blossoming altar of Fedhas.
  1911 | D:3      | Found a sacrificial altar of Ru.
  2412 | D:1      | Bought a warped cloak for 180 gold pieces
  2412 | D:1      | Identified the +0 cloak of a bazaar {rPois Will+ Str+4
                  | Dex+4} (You bought it in a shop on level 1 of the Dungeon)
  2512 | D:4      | Reached skill level 5 in Axes
  2558 | D:4      | Reached XP level 5. HP: 48/49 MP: 5/5
  2917 | D:5      | Reached XP level 6. HP: 37/56 MP: 6/6
  3333 | D:5      | Reached XP level 7. HP: 31/62 MP: 7/7
  3607 | D:5      | Found a shimmering altar of Xom.
  3614 | D:5      | Identified the +6 long sword of the Heavens {antimagic,
                  | rC++ Str+2 Dex+3}
  3807 | D:6      | Found a staircase to the Ecumenical Temple.
  3816 | D:6      | HP: 2/55 [wight/+5 halberd (11)]
  3821 | D:6      | Slain by a wight

Illustrated notes

Levels and vault maps discovered:
D:1:      sevenhm_arrival_forest_fort_small_5, layout_basic, serial_shops,
          nicolae_shop_trees
D:2:      layout_basic, basic_altar, nicolae_half_adder
D:3:      layout_loops_ring, gammafunk_temple_overflow_statue, st_stairs_13,
          amcnicky_mini_corridor_feature
D:4:      layout_rooms
D:5:      layout_basic, tgw_xom
D:6:      layout_gridville, minmay_temple_entry_statues,
          gammafunk_ghost_necromancy

Skill      XL: |  1  2  3  4  5  6 |
---------------+-------------------+-----
Axes           | 3 4 5 6 7 |  7.3
Fighting       | |  3.0
Dodging        | |  1.5
Stealth        | |  7.2

Action                     |  1- 3 |  4- 6 |  7- 9 || total
---------------------------+-------+-------+-------++-------
  Melee: Hand axe          |    23 |       |       ||    23
         Punch             |     1 |     1 |       ||     2
         War axe           |    58 |   118 |     1 ||   177
Ability: Spit Poison       |       |     5 |       ||     5
    Use: Scroll            |       |       |     1 ||     1
         Potion            |       |       |     1 ||     1
   Stab: Sleeping          |     6 |     1 |       ||     7
 Armour: Leather armour    |    16 |       |       ||    16
         Ring mail         |    43 |     2 |       ||    45
         Chain mail        |       |    86 |       ||    86
         Plate armour      |       |    15 |    15 ||    30
  Dodge: Dodged            |    45 |    39 |       ||    84

Table legend: (Time is in decaauts)
 A = Elapsed time spent in this place.
 B = Non-inter-level travel time spent in this place.
 C = Inter-level travel time spent in this place.
 D = Time resting spent in this place.
 E = Time spent auto-exploring this place.
 F = Levels seen in this place.
 G = Mean time per level.
                   A        B        C        D        E       F      G
               +--------+--------+--------+--------+--------+-----+--------+
         Total |   4996 |   4497 |    499 |    301 |   3346 |   6 |  832.7 |
       Dungeon |   4996 |   4497 |    499 |    301 |   3346 |   6 |  832.7 |
               +--------+--------+--------+--------+--------+-----+--------+

Top non-repeatable levels by time:
     D:3: 1226 daAuts
     D:5: 1173 daAuts
     D:1: 953 daAuts
     D:2: 945 daAuts
     D:4: 635 daAuts
     D:6: 62 daAuts
